 Seeded DCSS version 0.29.1-2-gbd0b4ee654 (webtiles) character file.

Game seed: 19941 (custom seed)

1323 Ashen the Scholar of Death (level 8, -4/60 HPs)
             Began as a Demonspawn Necromancer on Oct 30, 2022.
             Was a Follower of Kikubaaqudgha.
             Slain by an ogre
             ... wielding a +0 giant spiked club
              (13 damage)
             ... on level 7 of the Dungeon.
             The game lasted 00:14:59 (7072 turns).

Ashen the Scholar of Death (Demonspawn Necromancer) Turns: 7072, Time: 00:15:02

Health: -4/60      AC: 12    Str:  9    XL:     8   Next: 33%
Magic:  3/15       EV: 13    Int: 19    God:    Kikubaaqudgha [*.....]
Gold:   326        SH:  0    Dex: 13    Spells: 5/16 levels left

rFire   . . .      SeeInvis .   q - +0 rapier (venom)
rCold   . . .      Faith    .   (no shield)
rNeg    . . .      Spirit   .   f - +3 leather armour
rPois   .          Reflect  .   (no helmet)
rElec   .          Harm     .   u - +0 cloak
rCorr   .          Rampage  .   n - +0 pair of gloves
Will    .....                   (no boots)
Stlth   ++........              (no amulet)
HPRegen 0.20/turn               j - +4 ring of protection
MPRegen 0.14/turn               (no ring)

@: no status effects
A: powered by death 2, sturdy frame 2, weakness stinger 1
a: Renounce Religion, Unearth Wretches


You were on level 7 of the Dungeon.
You worshipped Kikubaaqudgha.
Kikubaaqudgha was aware of your devotion.
You visited 2 branches of the dungeon, and saw 8 of its levels.

You collected 326 gold pieces.

Inventory:

Hand Weapons
 g - a +1 dagger of flaming
 h - a +0 whip of pain
 q - a +0 rapier of venom (weapon)
Armour
 f - a +3 leather armour (worn)
 n - a +0 pair of gloves (worn)
 u - a +0 cloak (worn)
Jewellery
 j - a +4 ring of protection (left hand)
Wands
 w - a wand of digging (7)
Scrolls
 c - a scroll of magic mapping {unknown}
 d - 8 scrolls of identify {unknown}
 e - 3 scrolls of amnesia
 i - a scroll of noise
 k - a scroll of enchant armour {unknown}
 r - a scroll of summoning {unknown}
 s - a scroll of torment {unknown}
 y - a scroll of vulnerability {unknown}
 z - a scroll of enchant weapon {unknown}
 B - a scroll of teleportation {unknown}
 C - a scroll of poison {unknown}
Potions
 a - a potion of haste {unknown}
 b - a potion of magic
 l - a potion of ambrosia {unknown}
 m - 5 potions of curing {unknown}
 o - a potion of mutation {unknown}
 p - a potion of degeneration {unknown}
 t - a potion of invisibility {unknown}
 v - a potion of berserk rage {unknown}
 x - 2 potions of flight {unknown}
 A - a potion of heal wounds {unknown}


   Skills:
 + Level 3.9 Fighting
 + Level 4.8 Dodging
 - Level 3.0 Stealth
 + Level 4.9 Spellcasting
 - Level 2.0 Hexes
 + Level 7.0 Necromancy


You had 5 spell levels left.
You knew the following spells:

 Your Spells              Type           Power      Damage    Failure   Level
b - Vampiric Draining     Necr           31%        2d8       1%          3
c - Animate Dead          Necr           31%        N/A       7%          4
d - Anguish               Hex/Necr       10%        N/A       21%         4

Your spell library contained the following spells:

 Spells                   Type           Power      Damage    Failure   Level
 Necrotise                Necr           100%       1d9       1%          1
 Sublimation of Blood     Necr           31%        N/A       1%          2
 Summon Small Mammal      Summ           16%        N/A       13%         1
 Tukima's Dance           Hex            12%        N/A       17%         3
 Agony                    Necr           31%        N/A       19%         5
 Portal Projectile        Hex/Tloc       16%        N/A       26%         3
 Summon Guardian Golem    Hex/Summ       8%         N/A       26%         3
 Call Canine Familiar     Summ           4%         N/A       36%         3
 Blade Hands              Tmut           2%         N/A       98%         5


Dungeon Overview and Level Annotations

Branches:
Dungeon (7/15)             Temple (1/1) D:5

Altars:
Ashenzari
Cheibriados
Dithmenos
Fedhas
Hepliaklqana
Kikubaaqudgha
Nemelex Xobeh
Okawaru
Qazlal
Sif Muna
Trog
Uskayaw
Vehumet
Xom
Yredelemnul

Shops:
D:1 ([*   D:3 *   D:5 :   D:6 *

Annotations:
D:4 Dowan, Duvessa


Innate Abilities, Weirdness & Mutations

You regenerate health from kills.
Your movements are less encumbered by armour. (ER -4)
You have a small tail.


Message History

The wyvern zombie bites you but does no damage.
The wyvern zombie bites you but does no damage.
The wyvern zombie attacks as you move away!
The wyvern zombie bites you but does no damage.
The gnoll changes into a rat!
The wyvern zombie attacks as you move away!
The wyvern zombie bites you but does no damage.
An ogre comes into view. It is wielding a +0 giant spiked club.
The rat changes into an endoplasm!
A centaur comes into view.
The wyvern zombie closely misses you.
The centaur wields a +0 shortbow.
The centaur shoots an arrow.
The arrow closely misses you.
The endoplasm changes into a goblin!
The centaur shoots an arrow.
The arrow hits you.
* * * LOW HITPOINT WARNING * * *
The goblin shouts!
The centaur shoots an arrow.
The arrow closely misses you. The ogre misses you.
Casting: Vampiric Draining (safe; 1% risk of failure)
Confirm with . or Enter, or press ? or * to list all spells.
Aiming: Vampiric Draining (safe; 1% risk of failure)
Press: ? - help, Shift-Dir - straight line, f - ogre
Aim: an ogre, wielding a +0 giant spiked club You draw life force from the ogre!
You feel life coursing into your body!
The centaur shoots an arrow.
The arrow barely misses you. The wyvern zombie closely misses you.
The centaur shoots an arrow.
The arrow hits you!
* * * LOW HITPOINT WARNING * * *
The wyvern zombie closely misses you.
The centaur shoots an arrow.
The arrow hits you.
* * * LOW HITPOINT WARNING * * *
The ogre barely misses you.
There is a stone staircase leading up here.
The centaur shoots an arrow.
The arrow barely misses you.
The arrow hits the wyvern zombie!
The wyvern zombie bites you.
* * * LOW HITPOINT WARNING * * *
The centaur shoots an arrow.
The arrow closely misses you.
The arrow barely misses the wyvern zombie.
The ogre hits you with a +0 giant spiked club!
You die...
Kikubaaqudgha rasps: "You have failed me!
Welcome... death!"

#...## ########
##....####._...## ..
#........#_....#
....#...)....#_._>.
..........####._._
....###...##.#.rg.
.............######
...#.......###.Z..# .
##..##...##.O@.###
..................#.
.....##...#...........
.....#
##..#........... .....
##.#........... .
...#..........
#.##.####.c(.. #.....
.##.. .. ... #


You could see an ogre, a centaur, a river rat and a wyvern zombie.

Vanquished Creatures
  Menkaure (D:6)
  A centaur (D:7)
  2 scorpions
  2 bullfrogs
  2 necrophages
  A wight (D:7)
  3 jellies
  3 hounds
  3 iguanas (D:6)
  7 orc wizards
  2 gnolls (D:2)
  10 adders
  An ufetubus (D:5)
  2 worms (D:3)
  5 dart slugs
  26 orcs
  6 endoplasms
  4 giant cockroaches
  6 goblins
  8 hobgoblins
  6 kobolds
  2 quokkas (D:1)
  4 ball pythons
  7 bats
  6 frilled lizards
  12 rats
132 creatures vanquished.

Vanquished Creatures (collateral kills)
  A jelly (D:7)
  3 orcs
  2 rats (D:2)
6 creatures vanquished.

Vanquished Creatures (others)
  A bullfrog zombie (D:7)
  A centaur zombie (D:7)
  A jelly zombie (D:7)
  6 orc zombies
9 creatures vanquished.

Grand Total: 147 creatures vanquished

Notes
Turn   | Place    | Note
-------+----------+-------------------------------------------
     0 | D:1      | Ashen the Demonspawn Necromancer began the quest for the
                  | Orb.
     0 | D:1      | Reached XP level 1. HP: 13/13 MP: 3/3
   572 | D:1      | Found Riotof's Antique Weapon Shop.
   637 | D:1      | Gained mutation: Your movements are slightly less
                  | encumbered by armour. (ER -2) [demonic ancestry]
   637 | D:1      | Reached XP level 2. HP: 9/19 MP: 0/5
   995 | D:1      | Found a faded altar of an unknown god.
  1531 | D:1      | Found Vypiut's Assorted Antiques.
  1539 | D:1      | Found Marruhor's Antique Armour Shoppe.
  1541 | D:1      | Gained mutation: You have a small tail. [demonic ancestry]
  1541 | D:1      | Reached XP level 3. HP: 24/24 MP: 6/6
  2041 | D:2      | Reached XP level 4. HP: 26/30 MP: 1/7
  2409 | D:2      | Reached skill level 5 in Necromancy
  3211 | D:3      | Found a blossoming altar of Fedhas.
  3285 | D:3      | Found Deropsou's Assorted Antiques.
  3371 | D:3      | Found a hazy altar of Hepliaklqana.
  3403 | D:3      | Gained mutation: You regenerate a little health from kills.
                  | [demonic ancestry]
  3403 | D:3      | Reached XP level 5. HP: 35/35 MP: 7/9
  3490 | D:4      | Noticed Duvessa
  3490 | D:4      | Noticed Dowan
  3793 | D:4      | Reached skill level 1 in Fighting
  3797 | D:4      | Learned a level 3 spell: Vampiric Draining
  3802 | D:4      | Learned a level 4 spell: Animate Dead
  4226 | D:4      | Gained mutation: You regenerate health from kills. [demonic
                  | ancestry]
  4226 | D:4      | Reached XP level 6. HP: 43/43 MP: 8/11
  4808 | D:5      | Entered Level 5 of the Dungeon
  4936 | D:5      | Found a staircase to the Ecumenical Temple.
  4958 | Temple   | Entered the Ecumenical Temple
  5111 | Temple   | Became a worshipper of Kikubaaqudgha
  5229 | D:5      | Reached skill level 6 in Necromancy
  5229 | D:5      | Reached XP level 7. HP: 43/51 MP: 8/12
  5430 | D:5      | Found Neanacku's Book Shoppe.
  5466 | D:5      | Found a large runed translucent door.
  5467 | D:5      | Found a large runed translucent door.
  5498 | D:5      | Found a radiant altar of Vehumet.
  5517 | D:5      | Found a bloodstained altar of Trog.
  5906 | D:6      | Reached * piety under Kikubaaqudgha
  5906 | D:6      | Received a gift from Kikubaaqudgha
  5912 | D:6      | Learned a level 4 spell: Anguish
  6002 | D:6      | Found Imosk's Fire Supplies.
  6133 | D:6      | Noticed Menkaure
  6294 | D:6      | Killed Menkaure
  6295 | D:6      | Reached skill level 1 in Hexes
  6566 | D:6      | Gained mutation: Your movements are less encumbered by
                  | armour. (ER -4) [demonic ancestry]
  6566 | D:6      | Reached XP level 8. HP: 58/58 MP: 14/14
  6680 | D:6      | Found a sparkling altar of Nemelex Xobeh.
  6952 | D:7      | Found a shimmering altar of Xom.
  6952 | D:7      | Found a shimmering altar of Xom.
  6952 | D:7      | Found a shimmering altar of Xom.
  6952 | D:7      | Found a shimmering altar of Xom.
  6953 | D:7      | Found a shimmering altar of Xom.
  6953 | D:7      | Found a shimmering altar of Xom.
  6955 | D:7      | Found a shimmering altar of Xom.
  7045 | D:7      | Reached skill level 7 in Necromancy
  7072 | D:7      | Slain by an ogre

Illustrated notes

Levels and vault maps discovered:
D:1:      lightli_arrival_lavapool, layout_basic, serial_shops, shop_fountains,
          shop, nicolae_shop_trees,
          hellmonk_ecumenical_altar_pennies_from_heaven
D:2:      layout_loops_ring, minmay_hexomino_c4
D:3:      layout_basic, mainiacjoe_overflow_surrounded_room,
          mainiacjoe_overflow_big_doors, serial_shops, shop,
          kennysheep_generic_room_6
D:4:      layout_layer_cave, uniq_duvessa
D:5:      layout_loops_ring, jmf_multi_god_temple2, temple_statues,
          serial_shops, shop
D:6:      layout_cave_pods, nemelex_spade_bored_becter, chequers_jeans,
          nicolae_shop_fire_sale [nicolae_sub_dead_trees],
          hellmonk_bongcloud_opening, item_on_display_a, uniq_menkaure
D:7:      layout_cave_pools, xom_shifter_show, serial_undead, serial_undead_c,
          serial_undead_a, serial_undead_f, serial_undead_a
Temple:   hellmonk_temple_forest_ring

Skill      XL: |  1  2  3  4  5  6  7  8 |
---------------+-------------------------+-----
Dodging        | 2 3 4 |  4.8
Stealth        | 2 3 |  3.0
Necromancy     | 5 6 7 |  7.0
Spellcasting   | 3 4 |  4.9
Fighting       | 1 2 3 |  3.9
Hexes          | 2 |  2.0

Action                   |  1- 3 |  4- 6 |  7- 9 || total
-------------------------+-------+-------+-------++-------
Melee: Unarmed           |    28 |       |       ||    28
       Dagger            |    39 |    22 |       ||    61
       Rapier            |       |    83 |   145 ||   228
       Tailslap          |       |     7 |    19 ||    26
       Punch             |       |     1 |       ||     1
 Cast: Necrotise         |    59 |    56 |       ||   115
       Vampiric Draining |       |     3 |    11 ||    14
       Animate Dead      |       |     1 |     5 ||     6
  Use: Scroll            |       |       |     2 ||     2
 Stab: Sleeping          |     1 |     9 |     4 ||    14
Armor: Robe              |     2 |       |       ||     2
       Leather armour    |    17 |    65 |   111 ||   193
Dodge: Dodged            |    54 |    65 |   187 ||   306
